AoeStats
← HeisenbergSam

Arena

509665167Analyzed
4v4 RM · 19d ago on Sep 27, 2026· 38m 45s· 8 players
Game mode
Random Map
Map size
Large (8 player)
Population
200
Speed
Normal
Resources
Standard
Victory
Conquest
Starting age
Dark Age
Ending age
Imperial Age
RankedLock teamsTeams togetherTeam positionsShared explorationLock speedFull tech treeHidden civsTurbo modeCheats
Victory
Defeat
🇩🇪 Britons · Germany
1015
+15
🇲🇽 Lithuanians · Mexico
1012
+15
🇺🇸 Huns · United States
991
+16
🇹🇼 Franks · Taiwan
984
+17
vs
🇹🇷 Goths · Türkiye
1046
-17
🇹🇷 Spanish · Türkiye
1011
-16
🇦🇺 Huns · Australia
966
-15
🇨🇳 Magyars · China
965
-15
Amaturehour15
10:14 Feudal Age
10:45 Horse Collar
10:52 Double-Bit Axe
11:29 Gold Mining
13:20 Wheelbarrow
16:56 Loom
19:14 Castle Age
17:46 Stone Mining
19:14 Bloodlines
19:41 Scale Barding Armor
22:15 Loom
22:40 Heavy Plow
23:04 Bow Saw
24:20 Hand Cart
29:28 Imperial Age
28:17 Husbandry
29:08 Gold Shaft Mining
29:49 Marauders
31:10 Two-Man Saw
32:23 Conscription
32:44 Chain Barding Armor
32:41 Man-at-Arms
32:54 Cavalier
34:02 Town Watch
35:41 Forging
38:15 Plate Barding Armor
38:15 Iron Casting
pqpqyqs
10:10 Feudal Age
10:52 Double-Bit Axe
15:43 Castle Age
14:37 Gold Mining
20:48 Horse Collar
21:20 Bow Saw
21:53 Heavy Plow
23:55 Husbandry
25:43 Loom
28:23 Scale Barding Armor
28:29 Forging
28:41 Bloodlines
29:38 Chain Barding Armor
32:41 Iron Casting
37:40 Imperial Age
37:47 Cavalier
39:06 Plate Barding Armor
39:25 Conscription
Airfoxa380
11:08 Feudal Age
16:35 Castle Age
14:41 Stone Mining
15:04 Double-Bit Axe
18:15 Bow Saw
17:47 Horse Collar
18:00 Gold Mining
30:23 Imperial Age
27:41 Loom
27:46 Town Watch
28:28 Padded Archer Armor
28:19 Fletching
29:25 Leather Archer Armor
32:23 Conscription
33:18 Chemistry
32:39 Ballistics
34:01 Ring Archer Armor
auuuustyn
11:15 Feudal Age
14:53 Castle Age
13:11 Double-Bit Axe
13:20 Gold Mining
21:53 Bow Saw
22:23 Wheelbarrow
25:11 Hand Cart
26:08 Stone Mining
26:54 Gold Shaft Mining
28:59 Imperial Age
27:42 Town Watch
27:43 Loom
28:13 Scale Barding Armor
28:19 Forging
28:47 Husbandry
29:44 Chain Barding Armor
29:31 Town Patrol
30:19 Gold Shaft Mining
30:53 Chemistry
29:17 Cavalier
30:34 Iron Casting
31:23 Plate Barding Armor
30:48 Paladin
33:02 Blast Furnace
36:57 Light Cavalry
Dominic
8:48 Loom
11:19 Feudal Age
16:35 Castle Age
16:04 Horse Collar
16:21 Double-Bit Axe
16:31 Gold Mining
23:25 Heavy Plow
26:40 Corvinian Army
33:01 Imperial Age
32:04 Scale Barding Armor
32:39 Wheelbarrow
34:08 Pikeman
34:47 Halberdier
WarLorD
0:28 Loom
10:36 Feudal Age
15:07 Castle Age
13:31 Double-Bit Axe
14:19 Horse Collar
16:33 Wheelbarrow
23:41 Bow Saw
23:55 Heavy Plow
26:42 Hand Cart
26:22 Town Watch
30:32 Imperial Age
28:31 Stone Mining
28:45 Scale Mail Armor
28:56 Forging
28:59 Gold Mining
29:13 Anarchy
28:40 Pikeman
30:56 Masonry
30:42 Murder Holes
30:43 Halberdier
31:41 Chain Mail Armor
32:02 Iron Casting
32:09 Stone Shaft Mining
32:38 Two-Man Saw
37:56 Perfusion
38:18 Conscription
PrincessKaguya
0:38 Loom
12:26 Feudal Age
13:04 Double-Bit Axe
19:29 Castle Age
17:41 Stone Mining
17:48 Horse Collar
18:17 Gold Mining
21:11 Wheelbarrow
21:13 Bow Saw
32:38 Imperial Age
29:55 Town Watch
30:46 Forging
30:41 Scale Barding Armor
30:36 Pikeman
31:57 Gold Shaft Mining
32:14 Iron Casting
31:41 Padded Archer Armor
32:44 Hand Cart
32:34 Heavy Plow
32:53 Fletching
33:50 Caravan
34:40 Chain Barding Armor
35:53 Blast Furnace
35:20 Conscription
HeisenbergSam
0:37 Loom
11:34 Feudal Age
16:28 Castle Age
15:03 Double-Bit Axe
22:55 Bow Saw
23:40 Gold Mining
24:40 Stone Mining
24:43 Horse Collar
25:30 Town Watch
26:22 Wheelbarrow
31:14 Imperial Age
29:04 Fletching
30:09 Pikeman
30:49 Squires
30:27 Elite Skirmisher
31:49 Bodkin Arrow
32:06 Forging
31:27 Halberdier
35:20 Iron Casting
34:46 Bracer
34:47 Scale Mail Armor
36:38 Conscription
38:29 Ballistics
Connection lost

Rejoining the realm…

Still unreachable

The connection could not be restored.

Session expired

The server has moved on; the page needs a fresh start.